 Dungeon Sprint DCSS version 0.20-a0-754-g13ddd6e (webtiles) character file.

480 Gorglomux the Severer (level 6, -6/90 (91) HPs)
             Began as a Minotaur Berserker on Feb 26, 2017.
             Was a Priest of Trog.
             Mangled by an ice dragon (10 damage)
             ... in the Dungeon (Sprint II: "The Violet Keep of Menkaure").
             The game lasted 00:01:04 (255 turns).

Gorglomux the Severer (Minotaur Berserker)           Turns: 255, Time: 00:01:05

HP:   -6/90 (91)    AC:  2    Str: 29    XL:     6   Next: 86%
MP:   5/5           EV: 12    Int:  4    God:    Trog [***...]
Gold: 243           SH:  0    Dex:  9    Spells: 5/5 levels left

rFire    . . .     SeeInvis .   a - +0 hand axe
rCold    . . .     Gourm    .   b - +0 animal skin
rNeg     . . .     Faith    .   (no shield)
rPois    .         Spirit   .   (helmet restricted)
rElec    .         Reflect  .   (no cloak)
rCorr    .         Harm     .   (no gloves)
MR       ++...     NoTele   +   (no boots)
Stlth    ..........             (no amulet)
Regen    1.3/turn               (no ring)
MPRegen  0.1/turn               (no ring)

@: berserking (expiring), regenerating, very quick
A: retaliatory headbutt, horns 2
a: Berserk, Trog's Hand, Burn Spellbooks, Renounce Religion


You were in the Dungeon.
You worshipped Trog.
Trog was most pleased with you.
You were very hungry.

You visited 1 branch You collected 243 gold pieces.

Inventory:

Hand Weapons
 a - a +0 hand axe (weapon)
Armour
 b - a +0 animal skin (worn)
Scrolls
 B - a scroll of blinking
Potions
 d - a potion of curing
 e - a potion of heal wounds
 f - a potion of haste
 g - 2 potions of magic
 h - a potion of berserk rage
Comestibles
 c - a bread ration
 C - a chunk of flesh


   Skills:
 + Level 7.8 Fighting
 - Level 15.5 Axes
 - Level 2.4 Armour
 - Level 2.1 Dodging


You had 5 spell levels left.
You didn't know any spells.

Dungeon Overview and Level Annotations

Branches:
Dungeon (1/1)

Altars:
Cheibriados
Dithmenos
Elyvilon
Fedhas
Gozag
Hepliaklqana
Kikubaaqudgha
Makhleb
Nemelex Xobeh
Okawaru
Ru
Sif Muna
Trog
Uskayaw
Vehumet
Zin
The Shining One
Beogh
Jiyva
Lugonu

Annotations:
D Roxanne


Innate Abilities, Weirdness & Mutations

You reflexively headbutt those who attack you in melee.
You have a pair of horns on your head.


Message History

The ice dragon breathes frost at you. The blast of cold hits you!
* * * LOW HITPOINT WARNING * * *
You barely miss the ice dragon.
The ice dragon is heavily wounded.
You slash the ice dragon!
The ice dragon is severely wounded.
The ice dragon bites you.
* * * LOW HITPOINT WARNING * * *
The ice dragon claws you.
* * * LOW HITPOINT WARNING * * *
The ice dragon tramples you.
* * * LOW HITPOINT WARNING * * *
You stumble backwards!
You hit the ice dragon but do no damage.
The ice dragon is severely wounded.
You hit the ice dragon.
The ice dragon is severely wounded.
The ice dragon bites you!
You die...

++#+++## .. .......# ..
##+##..# #. #. .##.####
+.### .. ..#....# ...#
#.#†####..#####..# #†#
#.##..#.$'..#
##.####.#..# #D.#
+.<.'.##'..####.@###
##.##...#....###...##▓▓
#+###.##......≈≈≈§≈≈≈≈≈
###≈§§§§..§#+######
#≈≈≈≈≈≈≈§§≈#....._.
#≈≈§≈§≈≈≈.≈#...._._
#≈≈≈≈§≈≈≈≈≈§#..._._.
≈≈≈§§≈§≈§≈§≈#.._._._
++#≈≈≈≈≈≈§§§#._._._.


You could see an ice dragon.

Vanquished Creatures
  Menkaure (D)
  4 necrophages (D)
  3 worms (D)
8 creatures vanquished.

Vanquished Creatures (others)
  A crocodile (D)
1 creature vanquished.

Grand Total: 9 creatures vanquished

Notes
Turn   | Place    | Note
-------+----------+-------------------------------------------
     0 | D        | Gorglomux the Minotaur Berserker began the quest for the Orb.
     0 | D        | Reached XP level 1. HP: 19/19 MP: 0/0
     1 | D        | Noticed a necrophage
     1 | D        | Noticed a necrophage
     1 | D        | Noticed a necrophage
     1 | D        | Noticed a necrophage
     5 | D        | Killed a necrophage
     5 | D        | Reached skill level 10 in Axes
     5 | D        | Reached XP level 2. HP: 26/26 MP: 1/1
     5 | D        | Reached XP level 3. HP: 31/31 MP: 2/2
     5 | D        | Reached XP level 4. HP: 39/39 MP: 3/3
     8 | D        | Killed a necrophage
     8 | D        | Reached ** piety under Trog
     8 | D        | Reached skill level 13 in Axes
     8 | D        | Reached XP level 5. HP: 45/45 MP: 4/4
    13 | D        | Killed a necrophage
    13 | D        | Reached skill level 14 in Axes
    17 | D        | Killed a necrophage
    17 | D        | Reached skill level 15 in Axes
    17 | D        | Reached XP level 6. HP: 50/50 MP: 5/5
    60 | D        | Reached *** piety under Trog
   171 | D        | Noticed Menkaure
   172 | D        | Noticed Roxanne
   180 | D        | Killed Menkaure
   232 | D        | Found a blossoming altar of Fedhas.
   233 | D        | Found a white marble altar of Elyvilon.
   234 | D        | Found a shadowy altar of Dithmenos.
   234 | D        | Found a corrupted altar of Lugonu.
   234 | D        | Found an opulent altar of Gozag.
   234 | D        | Found a burning altar of Makhleb.
   235 | D        | Found a snail-covered altar of Cheibriados.
   235 | D        | Found an ancient bone altar of Kikubaaqudgha.
   235 | D        | Found a bloodstained altar of Trog.
   235 | D        | Found a sparkling altar of Nemelex Xobeh.
   235 | D        | Found a hide-covered altar of Uskayaw.
   236 | D        | Found a roughly hewn altar of Beogh.
   236 | D        | Found a viscous altar of Jiyva.
   236 | D        | Found a deep blue altar of Sif Muna.
   236 | D        | Found a glowing silver altar of Zin.
   236 | D        | Found an iron altar of Okawaru.
   236 | D        | Found a radiant altar of Vehumet.
   236 | D        | Found a glowing golden altar of the Shining One.
   239 | D        | Found a hazy altar of Hepliaklqana.
   239 | D        | Found a sacrificial altar of Ru.
   242 | D        | Noticed an ice dragon
   253 | D        | HP: 3/90 [ice dragon (3)]
   255 | D        | Mangled by an ice dragon

Vault maps used:
D:        the_violet_keep_of_menkaure

Skill      XL: |  1  2  3  4  5  6 |
---------------+-------------------+-----
Axes           | 10 13 15 | 15.5
Fighting       | 7 |  7.8
Armour         | |  2.4
Dodging        | |  2.1

Action                   |  1- 3 |  4- 6 || total
-------------------------+-------+-------++-------
Melee: Hand axe          |     3 |    32 ||    35
       Headbutt          |       |     7 ||     7
Invok: Berserk           |     1 |     2 ||     3
       Trog's Hand       |       |     2 ||     2
Armor: Animal skin       |       |     1 ||     1
Dodge: Dodged            |     1 |     7 ||     8
